 Dungeon Crawl Stone Soup version 0.29.1-13-g9f3cf754e1 (webtiles) character file.

Game seed: 13432782616437029401

83 cheesebisquit the Digger (level 4, -8/24 HPs)
             Began as a Gargoyle Earth Elementalist on Jan 20, 2023.
             Killed from afar by an orc wizard (11 damage)
             ... with a magic dart
             ... on level 2 of the Dungeon.
             The game lasted 00:04:56 (2089 turns).

cheesebisquit the Digger (GrEE)                     Turns: 2089, Time: 00:04:56

Health: -8/24      AC:  5    Str: 12    XL:     4   Next: 44%
Magic:  6/8        EV: 12    Int: 17    God:
Gold:   108        SH:  0    Dex: 10    Spells: 8/9 levels left

rFire   . . .      SeeInvis .   c - +0 club
rCold   . . .      Faith    .   (no shield)
rNeg    + . .      Spirit   .   a - +0 robe
rPois   ∞          Reflect  .   (no helmet)
rElec   +          Harm     .   (no cloak)
rCorr   .          Rampage  .   (no gloves)
Will    .....                   (no boots)
Stlth   ++........              (no amulet)
HPRegen 0.08/turn               (no ring)
MPRegen 0.11/turn               (no ring)

@: no status effects
A: sickness immunity, AC +3, negative energy resistance 1, electricity
resistance, torment resistance 1, petrification resistance
a: no special abilities


You were on level 2 of the Dungeon.
You visited 1 branch of the dungeon, and saw 3 of its levels.

You collected 108 gold pieces.

Inventory:

Hand Weapons
 c - a +0 club (weapon)
Missiles
 j - 2 throwing nets
Armour
 a - a +0 robe (worn)
Scrolls
 e - a scroll of identify {unknown}
 f - a scroll of immolation {unknown}
 g - 5 scrolls of enchant armour {unknown}
 k - a scroll of poison {unknown}
Potions
 b - a potion of magic
 d - a potion of heal wounds {unknown}
 h - a potion of invisibility {unknown}
 i - a potion of curing {unknown}


   Skills:
 - Level 1.8 Dodging
 - Level 2.6 Stealth
 + Level 3.0 Spellcasting
 - Level 1.1 Transmutations
 + Level 4.7 Earth Magic


You had 8 spell levels left.
You knew the following spells:

 Your Spells              Type           Power      Damage    Failure   Level
a - Sandblast             Erth           36%        2d10      2%          1

Your spell library contained the following spells:

 Spells                   Type           Power      Damage    Failure   Level
 Passwall                 Tmut/Erth      10%        N/A       8%          2
 Stone Arrow              Conj/Erth      20%        3d8       21%         3
 Petrify                  Tmut/Erth      12%        N/A       45%         4


Dungeon Overview and Level Annotations

Branches:
Dungeon (3/15)

Altars:


Innate Abilities, Weirdness & Mutations

You are immune to sickness and miasma.
Your stone body is resilient. (AC +3)
You are immune to poison.
You resist negative energy. (rN+)
You are resistant to electric shocks. (rElec)
You are resistant to unholy torment.
You are immune to petrification.


Message History

You closely miss something.
Something hits you but does no damage. x2
You closely miss something. Something hits you but does no damage.
You miss something. Something hits you but does no damage.
You barely miss something.
You hear some strange, mumbled words.
A magic dart appears from out of thin air!
The magic dart hits you. Something hits you but does no damage.
You closely miss something. Something hits you but does no damage.
You closely miss something.
You hear some strange, mumbled words.
Something tries to affect you, but you resist.
You closely miss something. Something hits you but does no damage.
You barely miss something.
Something hits you but does no damage. x2
You miss something. Something hits you.
You hit something but do no damage. Something hits you.
You hit something. Something hits you but does no damage.
You hear some strange, mumbled words.
A magic dart appears from out of thin air!
The magic dart hits you.
You closely miss something. Something completely misses you.
You hit something but do no damage. Something hits you.
You hit something. Something hits you but does no damage. Something hits you.
* * * LOW HITPOINT WARNING * * *
Something barely misses you.
There is a stone staircase leading up here.
Something hits you.
* * * LOW HITPOINT WARNING * * *
You climb upwards.
Reactivating autopickup.
There is a stone staircase leading down here.
Something hits you but does no damage.
Deactivating autopickup; reactivate with Ctrl-A.
Something hits you.
* * * LOW HITPOINT WARNING * * *
Okay, then.
Okay, then.
Something hits you but does no damage.
A magic dart appears from out of thin air!
The magic dart hits you!
You die...

...#######.#
#.###.........#### ...#
#.# #.# ##.......###..
#..# #.#####.#
##.....## #.# #..#
#.......# ##...## #.#
#..# ####.#### ##'##
#.# #..# #....># #.#
#.# #..# #.#.#{# #.#
#.. #..# #.#.#.## ##.##
### ...# #.#...@#
##...## #.##
#.###..#####.....###
#.#
#.....#............#
#.#
######.#######.###.####
..# ### #.# #..... ###
#.# ###### #.# #.# #.#


There were no monsters in sight!

Vanquished Creatures
  3 adders (D:2)
  A worm (D:2)
  A dart slug (D:2)
  4 orcs (D:3)
  7 bats
  7 endoplasms
  2 giant cockroaches
  4 goblins
  A hobgoblin (D:2)
  A quokka (D:2)
  4 ball pythons
  2 frilled lizards (D:1)
  4 kobolds
  8 rats
49 creatures vanquished.

Notes
Turn   | Place    | Note
-------+----------+-------------------------------------------
     0 | D:1      | cheesebisquit the Gargoyle Earth Elementalist began the
                  | quest for the Orb.
     0 | D:1      | Reached XP level 1. HP: 10/10 MP: 3/3
   133 | D:1      | Reached skill level 1 in Transmutations
   133 | D:1      | Reached XP level 2. HP: 15/15 MP: 0/5
  1025 | D:2      | Reached skill level 4 in Earth Magic
  1025 | D:2      | Reached XP level 3. HP: 19/19 MP: 4/6
  1333 | D:2      | Reached XP level 4. HP: 24/24 MP: 4/8
  2089 | D:2      | Killed from afar by an orc wizard

Illustrated notes

Levels and vault maps discovered:
D:1:      mushboom_english_gardens, layout_loops_ring, dreamdust_princess_bridge
D:2:      layout_loops_corners
D:3:      layout_basic, nicolae_tso_besieged_by_evil,
          shapermc_ecumenical_altar_mp_vishouse, uniq_jessica

Skill      XL: |  1  2  3  4 |
---------------+-------------+-----
Transmutations | 1 |  1.1
Earth Magic    | 4 |  4.7
Spellcasting   | 3 |  3.0
Dodging        | |  1.8
Stealth        | |  2.6

Action                   |  1- 3 |  4- 6 || total
-------------------------+-------+-------++-------
Melee: Club              |       |    15 ||    15
 Cast: Sandblast         |    43 |    23 ||    66
Armor: Robe              |     1 |    15 ||    16
Dodge: Dodged            |     4 |     5 ||     9
